 Dungeon Crawl Stone Soup version 0.30-a0-879-ga8ba668304 (webtiles) character file.

Game seed: 14009488854042100385

801 pokeman the Thaumaturge (level 7, -7/40 HPs)
             Began as a Deep Elf Hedge Wizard on Mar 12, 2023.
             Was a Follower of Vehumet.
             Mangled by an ogre
             ... wielding a +0 giant club
              (26 damage)
             ... on level 5 of the Dungeon.
             The game lasted 00:08:50 (5275 turns).

pokeman the Thaumaturge (Deep Elf Hedge Wizard)     Turns: 5275, Time: 00:08:50

Health: -7/40      AC:  3    Str:  7    XL:     7   Next: 59%
Magic:  9/20       EV: 13    Int: 21    God:    Vehumet [*.....]
Gold:   217        SH:  0    Dex: 14    Spells: 11/22 levels left

rFire   . . .      SeeInvis .    o - +1 short sword (venom)
rCold   . . .      Faith    .    (no shield)
rNeg    . . .      Spirit   .    b - +0 robe
rPois   .          Reflect  .    p - +0 helmet
rElec   .          Rampage  .    (no cloak)
rCorr   .                        (no gloves)
Will    .....                    (no boots)
Stlth   ++                       (no amulet)
HPRegen 0.26/turn                (no ring)
MPRegen 0.17/turn                (no ring)

@: no status effects
A: no striking features
a: Renounce Religion


You were on level 5 of the Dungeon.
You worshipped Vehumet.
Vehumet was aware of your devotion.
You visited 1 branch of the dungeon, and saw 5 of its levels.

You collected 217 gold pieces.

Inventory:

Hand Weapons
 o - a +1 short sword of venom (weapon)
Armour
 b - a +0 robe (worn)
 p - a +0 helmet (worn)
 r - an orb of mayhem
Magical Staves
 k - a staff of death
Wands
 c - a wand of charming (4)
Scrolls
 e - 6 scrolls of identify {unknown}
 g - a scroll of enchant armour {unknown}
 n - 2 scrolls of teleportation {unknown}
 q - a scroll of immolation {unknown}
 s - a scroll of amnesia {unknown}
Potions
 a - 2 potions of cancellation {unknown}
 d - a potion of magic
 f - 3 potions of curing {unknown}
 h - a potion of brilliance {unknown}
 i - a potion of resistance {unknown}
 j - a potion of ambrosia {unknown}
 l - a potion of haste {unknown}
 m - 2 potions of flight {unknown}


   Skills:
 - Level 2.0 Fighting
 + Level 1.0 Armour
 - Level 3.1 Dodging
 - Level 3.2 Stealth
 * Level 8.1 Spellcasting
 + Level 4.1 Conjurations
 - Level 1.1 Summonings
 - Level 1.0 Necromancy
 - Level 1.1 Translocations
 - Level 1.2 Air Magic
 + Level 2.6 Earth Magic
 - Level 1.2 Poison Magic
 - Level 1.0 Evocations


You had 11 spell levels left.
You knew the following spells:

 Your Spells              Type           Power      Damage    Failure   Level
a - Magic Dart            Conj           100%       1d8       1%          1
b - Mephitic Cloud        Conj/Pois/Air  17%        N/A       10%         3
c - Call Imp              Summ           13%        N/A       8%          2
d - Blink                 Tloc           26%        N/A       8%          2
e - Stone Arrow           Conj/Erth      44%        3d9       6%          3

Your spell library contained the following spells:

 Spells                   Type           Power      Damage    Failure   Level
 Freeze                   Ice            32%        1d5       8%          1
 Sandblast                Erth           38%        2d10      2%          1
 Passwall                 Tmut/Erth      11%        N/A       7%          2
 Slow                     Hex            32%        N/A       8%          1
 Cigotuvi's Dreadful Rot  Necr/Pois/Air  26%        N/A       8%          2
 Frozen Ramparts          Ice            16%        1d3       24%         3
 Ozocubu's Armour         Ice            8%         N/A       24%         3
 Summon Ice Beast         Ice/Summ       10%        N/A       52%         4
 Ice Form                 Ice/Tmut       8%         N/A       61%         4
 Metabolic Englaciation   Hex/Ice        4%         N/A       91%         5
 Simulacrum               Ice/Necr       5%         N/A       100%        6


Dungeon Overview and Level Annotations

Branches:
Dungeon (5/15)             Temple (0/1) D:4

Altars:
Vehumet
Yredelemnul
Zin

Annotations:
D:3 2 transporters, AtlasWard's ghost, amateur OgCA


Message History

Dowan is heavily wounded.
The ogre is engulfed in noxious fumes.
The ogre appears confused.
Dowan barely misses you.
You hit Dowan.
Dowan looks as sick as possible!
Dowan is heavily wounded.
Dowan misses you.
The ogre barely misses Dowan.
Duvessa misses you.
You hit Duvessa.
Duvessa is almost dead.
You kill Duvessa!
Vehumet accepts your kill.
Dowan screams, "No!
Oh no!"
Dowan seems to find hidden reserves of power!
Dowan hits the ogre with a +0 dagger.
Dowan hits himself with a +0 dagger.
The ogre ponders the situation.
The ogre barely misses itself.
Your Spellcasting skill increases to level 8!
Your Conjurations skill increases to level 4!
Casting: Mephitic Cloud (dangerous; 10% risk of failure)
Confirm with . or Enter, or press ? or * to list all spells.
Aiming: Magic Dart (safe; 1% risk of failure)
Press: ? - help, Shift-Dir - straight line, f/p - Dowan
Aim: Dowan, wielding a +0 dagger and wearing a +0 robe (almost dead, fast, confused, extremely poisoned, 100% to hit)
The magic dart hits Dowan.
Dowan is almost dead.
You kill Dowan!
Vehumet accepts your kill.
You feel your power returning.
Your Fighting skill increases to level 2!
Unknown command.
Casting: Magic Dart (safe; 1% risk of failure)
Confirm with . or Enter, or press ? or * to list all spells.
A shadowy apparition takes form in the air.
Unknown command.
Your shadow imp hits the ogre.
You hit the ogre.
The ogre is heavily wounded.
The ogre hits you with a +0 giant club!!
Ouch! That really hurt!
You die...

########
#......#####.##.#
#...@O)<†........
#..).5.#####.....
######## ..# #


You could see an ogre (confused, ally target) and a friendly shadow imp
(summoned).

Vanquished Creatures
  A human (D:3)
  Duvessa (D:5)
  A black bear (D:5)
  3 scorpions
  Dowan (D:5)
  A jelly (D:4)
  An iguana (D:5)
  3 gnolls (D:4)
  8 adders
  2 worms (D:3)
  A dart slug (D:1)
  3 ball pythons
  3 bats
  9 endoplasms
  3 giant cockroaches
  10 goblins
  5 hobgoblins
  7 jackals (D:3)
  4 quokkas
  4 frilled lizards
  A jackal skeleton (D:3)
  11 kobolds
  6 rats
89 creatures vanquished.

Vanquished Creatures (others)
  19 plants (D:2)
19 creatures vanquished.

Grand Total: 108 creatures vanquished

Notes
Turn   | Place    | Note
-------+----------+-------------------------------------------
     0 | D:1      | pokeman the Deep Elf Hedge Wizard began the quest for the
                  | Orb.
     0 | D:1      | Reached XP level 1. HP: 10/10 MP: 7/7
   300 | D:1      | Reached XP level 2. HP: 15/15 MP: 4/9
   635 | D:1      | You fall into a shaft and drop 1 floor!
  1302 | D:2      | Reached skill level 5 in Spellcasting
  1462 | D:2      | Reached XP level 3. HP: 20/20 MP: 4/11
  1466 | D:2      | Learned a level 3 spell: Mephitic Cloud
  1469 | D:2      | Learned a level 2 spell: Call Imp
  1472 | D:2      | Learned a level 2 spell: Blink
  1476 | D:2      | Learned a level 3 spell: Stone Arrow
  1704 | D:2      | Found a radiant altar of Vehumet.
  1713 | D:2      | Became a worshipper of Vehumet
  1895 | D:2      | Reached skill level 1 in Fighting
  1895 | D:2      | Reached skill level 1 in Armour
  2183 | D:2      | Reached XP level 4. HP: 24/25 MP: 5/13
  2751 | D:3      | Found a transporter.
  2843 | D:3      | Reached * piety under Vehumet
  2843 | D:3      | Offered knowledge of Freeze by Vehumet.
  2962 | D:3      | Found a transporter.
  2985 | D:3      | Noticed a scorpion
  2993 | D:3      | Killed a scorpion
  2994 | D:3      | Reached skill level 6 in Spellcasting
  2994 | D:3      | Reached XP level 5. HP: 23/29 MP: 7/15
  3606 | D:3      | Found a runed translucent door.
  3606 | D:3      | Noticed a human
  3638 | D:3      | Found a basalt altar of Yredelemnul.
  3895 | D:3      | Killed a human
  3896 | D:3      | Reached skill level 1 in Air Magic
  3896 | D:3      | Reached skill level 1 in Earth Magic
  3896 | D:3      | Reached skill level 1 in Poison Magic
  3896 | D:3      | Reached XP level 6. HP: 34/34 MP: 7/17
  4021 | D:3      | Reached skill level 7 in Spellcasting
  4090 | D:3      | Noticed AtlasWard's ghost (amateur OgCA)
  4261 | D:3      | Found a glowing silver altar of Zin.
  4261 | D:3      | Noticed an angel
  4645 | D:4      | Found a staircase to the Ecumenical Temple.
  5079 | D:5      | Entered Level 5 of the Dungeon
  5089 | D:5      | Reached XP level 7. HP: 38/38 MP: 11/20
  5099 | D:5      | Noticed Duvessa
  5209 | D:4      | Reached skill level 1 in Necromancy
  5209 | D:4      | Reached skill level 1 in Evocations
  5254 | D:5      | Noticed Dowan
  5271 | D:5      | Killed Duvessa
  5272 | D:5      | Reached skill level 8 in Spellcasting
  5272 | D:5      | Killed Dowan
  5275 | D:5      | Mangled by an ogre

Illustrated notes

Levels and vault maps discovered:
D:1:      wander_arrival_estate, layout_loops_corners
D:2:      minmay_alternating_diamond, layout_basic, basic_altar,
          hangedman_decor_slide_cut, mrwooster_statue_mirror,
          serial_bayou_ford_a
D:3:      layout_loops_corners, dk_yredelemnul_ordeal, zin_angel,
          gammafunk_ghost_stat_death, wad_floor_pattern_2, chequers_garden,
          minmay_misc_feat_more_columns, dk_noncrumbling_2,
          corexii_hall_statues_s, minmay_bisected
D:4:      layout_basic, minmay_temple_entry_waves
D:5:      minmay_bubble_buster, layout_rooms,
          mainiacjoe_overflow_six_doors_small,
          mainiacjoe_overflow_surrounded_room, kennysheep_slug_shrine,
          uniq_duvessa

Skill      XL: |  1  2  3  4  5  6  7 |
---------------+----------------------+-----
Spellcasting   | 5 6 7 8 |  8.1
Fighting       | 1 2 |  2.0
Armour         | 1 |  1.0
Conjurations   | 2 3 4 |  4.1
Dodging        | 3 |  3.1
Stealth        | 3 |  3.2
Air Magic      | 1 |  1.2
Earth Magic    | 1 2 |  2.6
Poison Magic   | 1 |  1.2
Necromancy     | 1 |  1.0
Evocations     | 1 |  1.0
Summonings     | |  1.1
Translocations | |  1.1

Action                     |  1- 3 |  4- 6 |  7- 9 || total
---------------------------+-------+-------+-------++-------
  Melee: Dagger            |     2 |     3 |       ||     5
         Short sword       |       |    36 |    13 ||    49
   Cast: Magic Dart        |    92 |   101 |     6 ||   199
         Mephitic Cloud    |       |     9 |     5 ||    14
         Blink             |       |     1 |     1 ||     2
         Call Imp          |       |       |     1 ||     1
   Stab: Confused          |       |     4 |     2 ||     6
 Armour: Robe              |     4 |     4 |       ||     8
  Dodge: Dodged            |    14 |    25 |    12 ||    51

Table legend: (Time is in decaauts)
 A = Elapsed time spent in this place.
 B = Non-inter-level travel time spent in this place.
 C = Inter-level travel time spent in this place.
 D = Time resting spent in this place.
 E = Time spent auto-exploring this place.
 F = Levels seen in this place.
 G = Mean time per level.
                   A        B        C        D        E       F      G
               +--------+--------+--------+--------+--------+-----+--------+
         Total |   5292 |   5130 |    162 |    402 |   4081 |   5 | 1058.4 |
       Dungeon |   5292 |   5130 |    162 |    402 |   4081 |   5 | 1058.4 |
               +--------+--------+--------+--------+--------+-----+--------+

Top non-repeatable levels by time:
     D:3: 1726 daAuts
     D:2: 1494 daAuts
     D:1: 1201 daAuts
     D:4: 824 daAuts
     D:5: 46 daAuts
